[Event "Titled Tuesday Blitz June 13 Late 2023"]
[White "Remizov, Yaroslav"]
[Black "robertoalejandro10"]
[WhiteFideId "34134015"]
[WhiteElo "2405"]
[BlackElo "2606"]
[Result "0-1"]
[Round "7"]
[TimeControl "180+2"]
[Date "2023.06.13"]
[WhiteClock "0:00:04"]
[BlackClock "0:00:07"]
[Board "53"]

1. e4 c5 2. Nf3 g6 3. d4 cxd4 4. Qxd4 Nf6 5. e5 Nc6 6. Qa4 Nd5 7. Qe4 Ndb4 8. c3 d5 9. Qe2 Na6 10. Nbd2 Bg7 11. Nb3 Bg4 12. Bf4 O-O 13. O-O-O Qc7 14. Re1 d4 15. Kb1 dxc3 16. bxc3 Bf5+ 17. Kb2 Rac8 18. Qe3 Na5 19. Nfd4 Be6 20. Rc1 Nc4+ 21. Bxc4 Qxc4 22. Nxe6 fxe6 23. Bg3 Nc5 24. Nxc5 Rxc5 25. Rc2 Rfc8 26. Rd1 b5 27. Rd4 Qf1 28. Rc1 Qxg2 29. Rcd1 Qa8 30. R1d3 a5 31. Qf3 b4 32. Qxa8 bxc3+ 33. Rxc3 Rb5+ 34. Rb3 Rxb3+ 35. axb3 Rxa8 36. Rd7 Kf7 37. Ka3 g5 38. Ka4 Rb8 39. Ra7 Rb4+ 40. Ka3 Re4 41. Rxa5 h5 42. h3 h4 43. Bh2 Re2 44. Bg1 Re1 45. Bh2 Rf1 46. Bg3 hxg3 47. fxg3 Ra1+ 48. Kb4 Rxa5 49. Kxa5 Bxe5 50. g4 Bc3+ 51. Kb5 e5 52. Kc4 Be1 53. Kd5 Kf6 54. Kc5 Bf2+ 55. Kd5 e6+ 56. Ke4 Bc5 57. Kd3 Ke7 58. Kc4 Bg1 59. b4 Kd6 60. Kd3 Kd5 61. Ke2 Bb6 62. Kf3 e4+ 63. Ke2 Ke5 64. Kf1 Kf4 65. Kg2 e3 66. b5 e5 0-1


[Site "https://www.chess.com"]

[Event "Titled Tuesday Blitz June 13 Late 2023"]
[White "Harsh Suresh"]
[Black "Bartel, Michal"]
[WhiteFideId "45018464"]
[BlackFideId "1119257"]
[WhiteElo "2209"]
[BlackElo "2282"]
[Result "1-0"]
[Round "7"]
[TimeControl "180+2"]
[Date "2023.06.13"]
[WhiteClock "0:00:12"]
[BlackClock "0:00:00"]
[Board "54"]

1. Nf3 d5 2. c4 e6 3. b3 Nf6 4. Bb2 Be7 5. e3 O-O 6. cxd5 exd5 7. g3 Bf5 8. Bg2 Bd3 9. Ne5 Be4 10. O-O Bxg2 11. Kxg2 Nbd7 12. d3 Re8 13. Nd2 Nxe5 14. Bxe5 Nd7 15. Bb2 Bf6 16. Bxf6 Qxf6 17. d4 Qg6 18. Qb1 c6 19. Qxg6 hxg6 20. b4 a5 21. Rfb1 axb4 22. Rxb4 b5 23. a4 Nb6 24. Rc1 Rxa4 25. Rxa4 bxa4 26. Rxc6 Rb8 27. Nb1 Kf8 28. Rc7 Nc4 29. Nc3 a3 30. Ra7 Rd8 31. Nb5 Rb8 32. Nxa3 Nd2 33. Nc2 Rb2 34. Ne1 Nc4 35. Kf3 Nd2+ 36. Kg4 Ne4 37. f3 Nf6+ 38. Kh3 Re2 39. Ng2 Nh7 40. Ra8+ Ke7 41. Nf4 Rf2 42. Nxd5+ Kd6 43. Rd8+ Kc6 44. f4 g5 45. Ne7+ Kc7 46. Rh8 g4+ 47. Kxg4 Rxh2 48. Ra8 Nf6+ 49. Kf3 Kd7 50. Nf5 g6 51. Nh4 Nh5 52. Ra7+ Ke6 53. e4 Rh3 54. d5+ Kd6 55. Rxf7 Rxg3+ 56. Kf2 Rg4 57. Ng2 Kc5 58. Rf8 Kd6 59. e5+ Kxd5 60. Ne3+ Ke4 61. Nxg4 Nxf4 62. Rxf4+ Kxf4 63. e6 Kxg4 64. e7 g5 65. e8=Q Kh4 66. Qh8+ Kg4 67. Qd4+ Kf5 68. Kg3 Kg6 69. Kg4 Kh6 70. Qd6+ Kh7 71. Kxg5 Kg8 72. Qd7 Kf8 73. Kg6 1-0


[Site "https://www.chess.com"]

[Event "Titled Tuesday Blitz June 13 Late 2023"]
[White "Perez, Maximiliano"]
[Black "Vakhlamov, Igor L."]
[WhiteFideId "117234"]
[BlackFideId "24126748"]
[WhiteElo "2334"]
[BlackElo "2407"]
[Result "0-1"]
[Round "7"]
[TimeControl "180+2"]
[Date "2023.06.13"]
[WhiteClock "0:00:09"]
[BlackClock "0:00:14"]
[Board "55"]

1. e4 c5 2. Nf3 e6 3. d3 d5 4. Nbd2 Nc6 5. g3 Nf6 6. Bg2 g6 7. O-O Bg7 8. Re1 O-O 9. c3 a5 10. h4 b6 11. a4 Ba6 12. Bf1 Qc7 13. Nb1 Rfd8 14. Qc2 Ng4 15. Na3 Nge5 16. Nxe5 Nxe5 17. Kg2 dxe4 18. dxe4 Nd3 19. Rd1 c4 20. Be3 Be5 21. Nb5 Qc6 22. f3 Bxb5 23. axb5 Qxb5 24. Rab1 a4 25. h5 Rd7 26. Be2 Rad8 27. Rh1 Rb8 28. Rh3 Qb3 29. Bxd3 Rxd3 30. Qc1 Rbd8 31. hxg6 Rd1 32. gxh7+ Kh8 33. Bd4 R8xd4 0-1


[Site "https://www.chess.com"]

[Event "Titled Tuesday Blitz June 13 Late 2023"]
[White "Piesik, Piotr"]
[Black "Bryakin, Mikhail"]
[WhiteFideId "1136194"]
[BlackFideId "4165314"]
[WhiteElo "2303"]
[BlackElo "2464"]
[Result "0-1"]
[Round "7"]
[TimeControl "180+2"]
[Date "2023.06.13"]
[WhiteClock "0:00:00"]
[BlackClock "0:00:34"]
[Board "56"]

1. Nf3 d6 2. d4 Nf6 3. g3 g6 4. Bg2 Bg7 5. O-O O-O 6. Nbd2 c5 7. dxc5 dxc5 8. e4 Nc6 9. c3 b6 10. Qe2 Bb7 11. Rd1 Qc7 12. Nf1 Rad8 13. Bf4 Qc8 14. Ne5 Nxe5 15. Bxe5 Bc6 16. Bxf6 Bxf6 17. e5 Bg7 18. f4 Bxg2 19. Kxg2 Qc6+ 20. Qf3 Qb5 21. b3 f6 22. exf6 exf6 23. Rxd8 Rxd8 24. Rd1 Qe8 25. Ne3 f5 26. Rxd8 Qxd8 27. Qd5+ Qxd5+ 28. Nxd5 Kf7 29. c4 Ke6 30. Kf3 Kd6 31. h3 b5 32. g4 bxc4 33. bxc4 Bd4 34. Kg3 Ke6 35. Kh4 Bf6+ 36. Kg3 Bd8 37. Ne3 fxg4 38. hxg4 Bc7 39. g5 Ba5 40. Kf3 Bd2 41. Nf1 Bb4 42. Ke4 Be1 43. Ne3 Bc3 44. Nd5 Ba5 45. Ne3 Bb6 46. Ng4 Bc7 47. Nf2 Bd6 48. Nd3 Bf8 49. Ne5 Bd6 50. Nc6 a6 51. Na5 Bf8 52. Nb3 Be7 53. Nd2 Bd6 54. Nf3 Bc7 55. Ne1 Bb8 56. Nc2 Bd6 57. Ne3 Bf8 58. Nd5 Bd6 59. Kf3 Bb8 60. Kg4 Bd6 61. Nc3 Bf8 62. Ne4 Be7 63. Kf3 Bf8 64. Nf6 h5 65. Ne4 Be7 66. Nf2 Kf5 67. Nd1 Bd6 68. Ne3+ Ke6 69. Ke4 Be7 70. Ng2 Bd8 71. Nh4 Kf7 72. Ke5 Bc7+ 73. Ke4 Bd8 74. Kd5 Bc7 75. Ng2 Bb8 76. Kxc5 Ke6 77. Kd4 Kf5 78. Ke3 Kg4 79. Ke4 Bd6 80. Kd5 Bc7 81. c5 h4 82. Nxh4 Kxh4 83. Ke6 Bxf4 84. c6 Kxg5 0-1


[Site "https://www.chess.com"]

[Event "Titled Tuesday Blitz June 13 Late 2023"]
[White "Tejedor Fuente, Enrique"]
[Black "Zomorrodian, Eilia"]
[WhiteFideId "2299100"]
[BlackFideId "12551805"]
[WhiteElo "2496"]
[BlackElo "2069"]
[Result "1-0"]
[Round "7"]
[TimeControl "180+2"]
[Date "2023.06.13"]
[WhiteClock "0:01:10"]
[BlackClock "0:00:10"]
[Board "57"]

1. Nf3 Nf6 2. c3 g6 3. g3 Bg7 4. Bg2 O-O 5. d3 d6 6. O-O e5 7. b4 h6 8. Bb2 Nc6 9. b5 Ne7 10. c4 Be6 11. a4 Qd7 12. Nfd2 c6 13. Nc3 d5 14. bxc6 bxc6 15. Nb3 dxc4 16. Nc5 Qc8 17. Nxe6 Qxe6 18. dxc4 Qxc4 19. Qd6 Rfe8 20. Rfd1 Nf5 21. Qxc6 Qb3 22. Qb5 Rab8 23. Qxb3 Rxb3 24. Ra2 Nd4 25. e3 Nc2 26. Nd5 Nxd5 27. Bxd5 Rb6 28. a5 Rbb8 29. Ba3 Nb4 30. Bxb4 Rxb4 31. a6 Bf8 32. Rc2 Rb6 33. Rc7 Re7 34. Rxe7 Bxe7 35. Bb7 Kg7 36. Rd7 Bc5 37. Bd5 Rf6 38. Kg2 Bb6 39. Rb7 g5 40. g4 Kg6 41. Be4+ Kg7 42. h3 Rd6 43. Kf3 Kf6 44. Bh7 Kg7 45. Bf5 Rc6 46. Be4 Rc7 47. Rb8 Kf6 48. Rh8 Kg7 49. Rh7+ Kg8 50. Rxh6 Rc4 51. Rxb6 1-0


[Site "https://www.chess.com"]

[Event "Titled Tuesday Blitz June 13 Late 2023"]
[White "Oro, Faustino"]
[Black "Pinheiro, Iung Alicio de O."]
[WhiteFideId "20000197"]
[BlackFideId "2104350"]
[WhiteElo "1984"]
[BlackElo "2283"]
[Result "1-0"]
[Round "7"]
[TimeControl "180+2"]
[Date "2023.06.13"]
[WhiteClock "0:00:43"]
[BlackClock "0:00:00"]
[Board "58"]

1. e4 c5 2. Nc3 g6 3. d4 cxd4 4. Qxd4 Nf6 5. Nf3 Nc6 6. Qa4 Qc7 7. Bd3 Bg7 8. O-O O-O 9. Re1 d6 10. Bf4 Ng4 11. Nd5 Qd8 12. c3 Nge5 13. Nxe5 Nxe5 14. Bf1 e6 15. Ne3 Bd7 16. Qa3 Bc6 17. Rad1 Qf6 18. Bg3 Bxe4 19. Qxd6 Bc6 20. Qb4 Rad8 21. Bh4 g5 22. Bg3 Rxd1 23. Rxd1 Ng6 24. Bb5 Nf4 25. Bxc6 bxc6 26. Qc4 Rc8 27. Bxf4 gxf4 28. Nc2 c5 29. g3 f3 30. Ne3 h5 31. h4 Rd8 32. Rxd8+ Qxd8 33. Qxc5 Qd2 34. Qxh5 Qe1+ 35. Nf1 Qe4 36. Qg5 Kh8 37. Qe3 Qf5 38. Qxa7 1-0


[Site "https://www.chess.com"]

[Event "Titled Tuesday Blitz June 13 Late 2023"]
[White "Deng, Henry"]
[Black "Pakleza, Zbigniew"]
[WhiteFideId "30965454"]
[BlackFideId "1119290"]
[WhiteElo "2555"]
[BlackElo "2410"]
[Result "0-1"]
[Round "7"]
[TimeControl "180+2"]
[Date "2023.06.13"]
[WhiteClock "0:01:11"]
[BlackClock "0:00:49"]
[Board "59"]

1. e4 d6 2. d4 Nf6 3. Nc3 c6 4. Nf3 Bg4 5. Be3 e6 6. h3 Bh5 7. Be2 Be7 8. O-O d5 9. e5 Nfd7 10. Nd2 Bg6 11. f4 c5 12. Nf3 Nc6 13. Nb5 O-O 14. c4 cxd4 15. Nbxd4 Nxd4 16. Bxd4 dxc4 17. Bxc4 Nb6 18. Bb3 Nd5 19. g3 Qa5 20. Qe2 Rfd8 21. Rfd1 h5 22. Kh2 h4 23. Qg2 hxg3+ 24. Qxg3 Bh5 25. Rg1 g6 26. Nh4 Qd2+ 27. Rg2 Qxd4 28. Rd1 Qxf4 0-1


[Site "https://www.chess.com"]

[Event "Titled Tuesday Blitz June 13 Late 2023"]
[White "Tanenbaum, Zachary"]
[Black "Novikov, Evgenij"]
[WhiteFideId "2060850"]
[BlackFideId "4125380"]
[WhiteElo "2207"]
[BlackElo "2242"]
[Result "1-0"]
[Round "7"]
[TimeControl "180+2"]
[Date "2023.06.13"]
[WhiteClock "0:01:22"]
[BlackClock "0:00:52"]
[Board "60"]

1. e4 c6 2. d4 d5 3. exd5 cxd5 4. Bd3 Qc7 5. Ne2 Nc6 6. Bf4 Qa5+ 7. c3 Nf6 8. h3 g6 9. Qc2 Bg7 10. Nd2 O-O 11. O-O a6 12. a4 Qd8 13. Rfe1 Bd7 14. Nf3 Rc8 15. Qd2 Bf5 16. Bxf5 gxf5 17. Ng3 e6 18. Bg5 Qc7 19. Bh6 Ne4 20. Rxe4 fxe4 21. Bxg7 exf3 22. Bf6 Ne7 23. Qh6 1-0


[Site "https://www.chess.com"]

[Event "Titled Tuesday Blitz June 13 Late 2023"]
[White "D`Arruda, Ricardo D."]
[Black "Makridis, Dimitrios"]
[WhiteFideId "100692"]
[BlackFideId "25864475"]
[WhiteElo "2529"]
[BlackElo "2277"]
[Result "1-0"]
[Round "7"]
[TimeControl "180+2"]
[Date "2023.06.13"]
[WhiteClock "0:00:22"]
[BlackClock "0:00:00"]
[Board "61"]

1. Nf3 Nf6 2. d4 g6 3. Nc3 d6 4. e4 Nbd7 5. Bg5 h6 6. Bh4 c5 7. dxc5 g5 8. Bg3 Nxc5 9. e5 Nfe4 10. Nxe4 Nxe4 11. exd6 Nxg3 12. hxg3 Bg7 13. Bb5+ Bd7 14. Bxd7+ Qxd7 15. O-O O-O 16. dxe7 Qxe7 17. c3 Rad8 18. Qc2 b6 19. Rfe1 Qc5 20. Rad1 f5 21. Qb3+ Kh8 22. Qe6 Qb5 23. Rxd8 Rxd8 24. Qe7 Qd5 25. Ne5 Kg8 26. g4 fxg4 27. Nxg4 Rd7 28. Nf6+ Bxf6 29. Qxf6 Kh7 30. g3 Qxa2 31. Re6 Qb1+ 32. Kg2 1-0


[Site "https://www.chess.com"]

[Event "Titled Tuesday Blitz June 13 Late 2023"]
[White "Urbina Perez, Juan Antonio"]
[Black "Martinez Ramirez, Lennis"]
[WhiteFideId "2217368"]
[BlackFideId "3509079"]
[WhiteElo "2197"]
[BlackElo "2410"]
[Result "0-1"]
[Round "7"]
[TimeControl "180+2"]
[Date "2023.06.13"]
[WhiteClock "0:00:01"]
[BlackClock "0:01:01"]
[Board "62"]

1. e4 c5 2. Nf3 Nc6 3. Bb5 g6 4. Bxc6 dxc6 5. d3 Bg7 6. h3 Nf6 7. Nc3 O-O 8. Be3 b6 9. Qd2 Qc7 10. O-O e5 11. Bh6 Nh5 12. Bxg7 Kxg7 13. Ne2 f6 14. Nh2 g5 15. c3 Be6 16. d4 Rad8 17. Qe3 Nf4 18. Nf3 Bc4 19. Ng3 Bxf1 20. Nf5+ Kh8 21. Rxf1 cxd4 22. cxd4 exd4 23. N3xd4 Rfe8 24. Kh1 c5 25. Nb5 Qc6 26. Qb3 c4 27. Qc3 Rd3 28. Qb4 Qxe4 29. f3 Qxf5 30. Qxc4 Qd5 31. Qc7 Qxb5 32. Qf7 Rd6 0-1


[Site "https://www.chess.com"]

[Event "Titled Tuesday Blitz June 13 Late 2023"]
[White "Aggelis, Nikolaos"]
[Black "Martins, Bruno Andre Leite"]
[WhiteFideId "4213220"]
[BlackFideId "1942255"]
[WhiteElo "2189"]
[BlackElo "2241"]
[Result "1-0"]
[Round "7"]
[TimeControl "180+2"]
[Date "2023.06.13"]
[WhiteClock "0:01:38"]
[BlackClock "0:00:17"]
[Board "63"]

1. c4 Nf6 2. g3 e6 3. Bg2 d5 4. Nf3 c5 5. d4 cxd4 6. cxd5 Qxd5 7. Qxd4 Nc6 8. Qxd5 Nxd5 9. O-O Be7 10. Nc3 Nxc3 11. bxc3 O-O 12. Nd4 Bd7 13. Nxc6 Bxc6 14. Bxc6 bxc6 15. Be3 Rfb8 16. Rab1 Kf8 17. Bxa7 Rxb1 18. Rxb1 Rxa7 19. Rb8+ Bd8 20. Rxd8+ Ke7 21. Rd2 Ra3 22. Rc2 Kd6 23. Kf1 Kc5 24. Rb2 Kc4 25. Rb7 c5 26. Rxf7 Kxc3 27. Rxg7 c4 28. Rxh7 Kd2 29. Rd7+ Kc1 30. h4 c3 31. h5 c2 32. Ke1 Kb2 33. Rb7+ Kc3 34. Rc7+ Kb2 35. Kd2 Ra5 36. Rxc2+ Kb1 37. Rc1+ Kb2 38. Rh1 1-0


[Site "https://www.chess.com"]

[Event "Titled Tuesday Blitz June 13 Late 2023"]
[White "Skvortsov, Andrei"]
[Black "Peycheva, Gergana"]
[WhiteFideId "24108600"]
[BlackFideId "2916711"]
[WhiteElo "2259"]
[BlackElo "2216"]
[Result "1-0"]
[Round "7"]
[TimeControl "180+2"]
[Date "2023.06.13"]
[WhiteClock "0:00:07"]
[BlackClock "0:00:01"]
[Board "64"]

1. f4 d5 2. Nf3 Nf6 3. g3 Bg4 4. Ne5 Bf5 5. Bg2 c6 6. O-O e6 7. d3 h6 8. Nc3 Nbd7 9. e4 Bh7 10. Qf3 Be7 11. Nxd7 Nxd7 12. Be3 Bf6 13. e5 Be7 14. g4 c5 15. d4 cxd4 16. Bxd4 Qc7 17. f5 Nxe5 18. Qe2 Nc6 19. Bxg7 Rg8 20. Bxh6 O-O-O 21. fxe6 Nd4 22. Qf2 fxe6 23. Kh1 Bc5 24. Be3 e5 25. Nxd5 Qg7 26. g5 Rgf8 27. Nf6 Be7 28. Rad1 Bxf6 29. gxf6 Qd7 30. c3 Kb8 31. cxd4 exd4 32. Rxd4 Qf7 33. Qg3+ Ka8 34. Rxd8+ Rxd8 35. Qg7 Bg8 36. Qxf7 Bxf7 37. h4 a6 38. Bg5 Rd2 39. Bxd2 Ka7 40. b3 1-0


[Site "https://www.chess.com"]

[Event "Titled Tuesday Blitz June 13 Late 2023"]
[White "Slavin, Alexey"]
[Black "Bellahcene, Bilel"]
[WhiteFideId "24104388"]
[BlackFideId "696358"]
[WhiteElo "2264"]
[BlackElo "2552"]
[Result "0-1"]
[Round "7"]
[TimeControl "180+2"]
[Date "2023.06.13"]
[WhiteClock "0:00:00"]
[BlackClock "0:00:53"]
[Board "65"]

1. e4 c5 2. g3 Nc6 3. Bg2 g6 4. Ne2 Bg7 5. O-O Nf6 6. Nbc3 O-O 7. a3 d6 8. Rb1 e5 9. b4 b6 10. d3 Be6 11. h3 Nd4 12. Kh2 Rc8 13. Bd2 Nxe2 14. Nxe2 c4 15. Be3 d5 16. f4 cxd3 17. cxd3 dxe4 18. dxe4 Qxd1 19. Rfxd1 Rc2 20. Rd2 Rxd2 21. Bxd2 Rd8 22. Bc3 Bc4 23. fxe5 Nd7 24. e6 Bxe2 25. Bxg7 Kxg7 26. exd7 Rxd7 27. Rb2 Bc4 28. a4 Rd4 29. g4 Kf6 30. Kg3 Ke5 31. Bf3 Bd3 32. a5 Bxe4 33. Bxe4 Rxe4 34. axb6 axb6 35. b5 Re3+ 36. Kg2 f5 37. gxf5 gxf5 38. Rb4 f4 39. h4 Kf5 40. Kf2 Kg4 41. Rd4 Rb3 0-1


[Site "https://www.chess.com"]

[Event "Titled Tuesday Blitz June 13 Late 2023"]
[White "Korchmar, Vasiliy"]
[Black "GAO"]
[WhiteFideId "24131750"]
[WhiteElo "2370"]
[BlackElo "2394"]
[Result "1-0"]
[Round "7"]
[TimeControl "180+2"]
[Date "2023.06.13"]
[WhiteClock "0:01:54"]
[BlackClock "0:00:34"]
[Board "66"]

1. e4 c5 2. Nf3 d6 3. g3 g6 4. Bg2 Bg7 5. O-O Nf6 6. Re1 O-O 7. c3 Nc6 8. d4 cxd4 9. cxd4 Bg4 10. h3 Bxf3 11. Bxf3 e5 12. d5 Nd4 13. Bg2 Rc8 14. Nc3 Nd7 15. Be3 a6 16. Rc1 b5 17. a4 b4 18. Ne2 Nxe2+ 19. Qxe2 Qa5 20. Rc6 Rxc6 21. dxc6 Nc5 22. Rd1 Qxa4 23. Rxd6 Ne6 24. Qc4 Rc8 25. h4 Qb5 26. Qd5 Bf8 27. Rxe6 Qxd5 28. exd5 fxe6 29. Bh3 Kg7 30. Bxe6 Rc7 31. Bb6 Bd6 32. Kf1 Kf6 33. Ke2 Re7 34. Bh3 e4 35. Ke3 Ke5 36. Be6 a5 37. Bd4# 1-0


[Site "https://www.chess.com"]

[Event "Titled Tuesday Blitz June 13 Late 2023"]
[White "Matsuura, Frederico"]
[Black "Chernobay, Artem"]
[WhiteFideId "2107848"]
[BlackFideId "4167406"]
[WhiteElo "2302"]
[BlackElo "2474"]
[Result "1/2-1/2"]
[Round "7"]
[TimeControl "180+2"]
[Date "2023.06.13"]
[WhiteClock "0:00:00"]
[BlackClock "0:00:05"]
[Board "67"]

1. d4 Nf6 2. Bg5 Ne4 3. Bh4 d5 4. f3 Nf6 5. Nc3 c5 6. e4 cxd4 7. Qxd4 Nc6 8. Bb5 dxe4 9. Qxd8+ Kxd8 10. O-O-O+ Bd7 11. fxe4 Kc8 12. Nf3 h6 13. h3 g5 14. Bf2 Bg7 15. Rhe1 a6 16. Bc4 e6 17. Bb6 Be8 18. Na4 Nd7 19. Rd2 Bf6 20. Bb3 h5 21. Kb1 g4 22. hxg4 hxg4 23. Nd4 Nxd4 24. Bxd4 Bxd4 25. Rxd4 b5 26. Nc3 Kc7 27. a4 bxa4 28. Nxa4 Ne5 29. Nc5 Bc6 30. Ba4 a5 31. Bxc6 Kxc6 32. Nd3 Nd7 33. Rd1 Ra7 34. b3 Rh5 35. Rd2 Rb5 36. Ka2 Nb6 37. Rf2 a4 38. b4 Rg5 39. c4 Rd7 40. b5+ Kc7 41. Rxd7+ Kxd7 42. Rxf7+ Ke8 43. Rb7 Nxc4 44. Rc7 Nd2 45. b6 Rb5 46. b7 Nxe4 47. Rc8+ Kd7 48. b8=Q Rxb8 49. Rxb8 Kc6 50. Rb4 Kd5 51. Nf4+ Ke5 52. Nxe6 Nc3+ 53. Kb2 Nd5 54. Rxg4 Kxe6 55. Rxa4 Ne3 56. g3 Nf5 1/2-1/2


[Site "https://www.chess.com"]

[Event "Titled Tuesday Blitz June 13 Late 2023"]
[White "Kavutskiy, Konstantin"]
[Black "Torres Dominguez, David"]
[WhiteFideId "2026384"]
[BlackFideId "2220857"]
[WhiteElo "2323"]
[BlackElo "1999"]
[Result "1-0"]
[Round "7"]
[TimeControl "180+2"]
[Date "2023.06.13"]
[WhiteClock "0:00:42"]
[BlackClock "0:00:00"]
[Board "68"]

1. e4 e5 2. Nf3 Nc6 3. Bc4 Bc5 4. c3 Nf6 5. d3 d6 6. h3 a6 7. Bb3 Ba7 8. Nbd2 h6 9. Qe2 Be6 10. Bc2 Ne7 11. Nf1 Ng6 12. Ng3 Qd7 13. Nh4 Nxh4 14. Be3 Ng6 15. O-O-O Nf4 16. Qf3 g5 17. Nf5 Bxf5 18. exf5 Bxe3+ 19. fxe3 N4d5 20. c4 Nb6 21. Qxb7 O-O 22. Qf3 Rab8 23. g4 Na4 24. Bb3 Nc5 25. Bc2 Na4 26. h4 Rxb2 27. hxg5 Rxc2+ 28. Kxc2 Nc5 29. gxf6 Qa4+ 30. Kd2 Qxa2+ 31. Ke1 Qc2 32. Qe2 1-0


[Site "https://www.chess.com"]

[Event "Titled Tuesday Blitz June 13 Late 2023"]
[White "Adury, Anant"]
[Black "Rustemov, Alexander"]
[WhiteFideId "30964687"]
[BlackFideId "4119002"]
[WhiteElo "2364"]
[BlackElo "2778"]
[Result "0-1"]
[Round "7"]
[TimeControl "180+2"]
[Date "2023.06.13"]
[WhiteClock "0:01:12"]
[BlackClock "0:02:09"]
[Board "69"]

1. Nf3 d5 2. g3 Nf6 3. Bg2 c6 4. O-O Bf5 5. b3 h6 6. Bb2 e6 7. c4 Be7 8. d4 O-O 9. Nc3 Nbd7 10. Nd2 Re8 11. e4 dxe4 12. Ndxe4 Nxe4 13. Nxe4 Nf6 14. Qe2 Nxe4 15. Bxe4 Bxe4 16. Qxe4 Bf6 17. Rad1 Qa5 18. a3 Rad8 19. Qc2 Re7 20. Rd3 Red7 21. Rfd1 Qf5 22. Qe2 c5 23. d5 Bxb2 24. Qxb2 exd5 25. b4 dxc4 26. Rxd7 Rxd7 27. Rxd7 Qxd7 28. bxc5 0-1


[Site "https://www.chess.com"]

[Event "Titled Tuesday Blitz June 13 Late 2023"]
[White "Erzhanov, Arman"]
[Black "Lin, Dachey"]
[WhiteFideId "4138821"]
[BlackFideId "2029650"]
[WhiteElo "2138"]
[BlackElo "2313"]
[Result "0-1"]
[Round "7"]
[TimeControl "180+2"]
[Date "2023.06.13"]
[WhiteClock "0:00:09"]
[BlackClock "0:00:11"]
[Board "70"]

1. e4 g6 2. g3 Bg7 3. Bg2 c6 4. c4 d6 5. Nc3 Nd7 6. Nge2 Ngf6 7. O-O O-O 8. h3 Rb8 9. a4 a6 10. a5 b6 11. axb6 Nxb6 12. d3 d5 13. cxd5 cxd5 14. e5 Nfd7 15. d4 e6 16. b3 Re8 17. Ba3 Bf8 18. Bxf8 Rxf8 19. Qc1 Na8 20. Rb1 Nc7 21. Qh6 Re8 22. Nf4 Qe7 23. h4 Qf8 24. Qg5 h6 25. Qg4 Rb4 26. Nce2 Qg7 27. h5 g5 28. Nd3 Nxe5 29. Nxe5 Qxe5 30. Rfc1 Nb5 31. dxe5 Rxg4 32. f4 gxf4 33. gxf4 Bb7 34. Kf2 Kf8 35. Bf3 Rg7 36. Nc3 Nd4 37. Bh1 Ke7 38. Na4 Nb5 39. Nc3 Nd4 40. Na4 Rc8 41. Rxc8 Bxc8 42. Rc1 Bd7 43. Rc7 Kd8 44. Ra7 Bb5 45. Nc5 Nf5 46. Nxa6 Bxa6 47. Rxa6 Rg4 48. Ra8+ Ke7 49. Ra7+ Kf8 50. Ra4 Rh4 51. Bf3 Rh2+ 52. Ke1 Rb2 53. Ra3 Nd4 54. Bd1 Ke7 55. Ra7+ Ke8 56. Ra8+ Ke7 57. Rh8 Nxb3 58. Rb8 Nc5 59. Rh8 Nd3+ 60. Kf1 Rf2+ 61. Kg1 Rd2 62. Bf3 Ne1 63. Bh1 d4 64. Rxh6 d3 65. Rh8 Rd1 66. Kf2 Nc2 67. Bf3 Ra1 68. h6 Nd4 69. h7 Nxf3 70. Kxf3 d2 71. Re8+ Kxe8 72. h8=Q+ Kd7 73. Qf6 d1=Q+ 74. Kg3 Ra3+ 75. Kh4 Qh1+ 76. Kg5 Rg3# 0-1


[Site "https://www.chess.com"]

[Event "Titled Tuesday Blitz June 13 Late 2023"]
[White "Wizard_of_Odds"]
[Black "Papasimakopoulos, Alexandros"]
[BlackFideId "4244125"]
[WhiteElo "2476"]
[BlackElo "2359"]
[Result "1-0"]
[Round "7"]
[TimeControl "180+2"]
[Date "2023.06.13"]
[WhiteClock "0:01:17"]
[BlackClock "0:00:18"]
[Board "71"]

1. d4 Nf6 2. c4 e6 3. Nc3 Bb4 4. e3 O-O 5. Ne2 c6 6. a3 Ba5 7. b4 Bc7 8. Bb2 d5 9. Ng3 Re8 10. Bd3 Nbd7 11. Rc1 e5 12. cxd5 exd4 13. dxc6 bxc6 14. Nce4 dxe3 15. O-O Nxe4 16. Nxe4 Ne5 17. Bxe5 Bxe5 18. fxe3 a5 19. Qf3 Be6 20. Bc4 Bxc4 21. Rxc4 Qd7 22. Nc5 Qd5 23. Re4 axb4 24. axb4 Bd6 25. Rd1 Rxe4 26. Rxd5 cxd5 27. Nxe4 dxe4 28. Qxe4 Rb8 29. b5 Kf8 30. Qc6 Be5 31. Qc5+ Bd6 32. Qxd6+ Kg8 33. Qxb8# 1-0


[Site "https://www.chess.com"]

[Event "Titled Tuesday Blitz June 13 Late 2023"]
[White "Yurasova, Daria"]
[Black "Rosen, Eric"]
[WhiteFideId "34146919"]
[BlackFideId "2032562"]
[WhiteElo "2109"]
[BlackElo "2331"]
[Result "1-0"]
[Round "7"]
[TimeControl "180+2"]
[Date "2023.06.13"]
[WhiteClock "0:00:57"]
[BlackClock "0:00:00"]
[Board "72"]

1. d4 d5 2. Nf3 Nf6 3. c4 e6 4. g3 dxc4 5. Bg2 Bb4+ 6. Bd2 c5 7. Bxb4 cxb4 8. O-O O-O 9. Ne5 Nc6 10. Nxc6 bxc6 11. Bxc6 Rb8 12. Bg2 a5 13. Nd2 Ba6 14. Nf3 Qd6 15. Rc1 Rfc8 16. Ne5 Nd7 17. Nxd7 Qc7 18. Nxb8 Rxb8 19. Qc2 Bb5 20. Rfd1 Qd6 21. e4 h5 22. h4 a4 23. Bf1 Rc8 24. Qd2 Ba6 25. Qf4 Qb6 26. d5 c3 27. bxc3 Bxf1 28. Rxf1 bxc3 29. Qe3 Qb4 30. Rc2 Rc4 31. dxe6 fxe6 32. Rfc1 Rxe4 33. Qxc3 Qb6 34. Qc5 Qb7 35. Qxh5 Kf8 36. Qf3+ Ke7 37. Rc7+ 1-0


[Site "https://www.chess.com"]

[Event "Titled Tuesday Blitz June 13 Late 2023"]
[White "marik_spb"]
[Black "Fisher_TheGalactic"]
[WhiteElo "2474"]
[BlackElo "2688"]
[Result "1-0"]
[Round "7"]
[TimeControl "180+2"]
[Date "2023.06.13"]
[WhiteClock "0:00:04"]
[BlackClock "0:00:00"]
[Board "73"]

1. d4 d5 2. c4 e6 3. Nf3 Nf6 4. g3 Be7 5. Bg2 O-O 6. O-O c6 7. Nbd2 Nbd7 8. Qc2 b6 9. e4 dxc4 10. Nxc4 Ba6 11. Nfe5 Nxe5 12. dxe5 Nd7 13. f4 Nxe5 14. Nxe5 Bxf1 15. Kxf1 c5 16. Be3 Bf6 17. Rd1 Qc7 18. Ng4 Rad8 19. Nxf6+ gxf6 20. Bd2 Qd7 21. Bf3 Qb5+ 22. Be2 Qc6 23. Bc3 f5 24. Rxd8 Rxd8 25. Bf3 Qb5+ 26. Kf2 c4 27. exf5 exf5 28. Qe2 Re8 29. Qd2 Qc5+ 30. Qd4 Qxd4+ 31. Bxd4 Rc8 32. Ke3 Kf8 33. Bg2 Ke7 34. Bc3 Rd8 35. Bf1 b5 36. Be2 Ke6 37. a3 Rd7 38. Bf1 Kd5 39. Bg2+ Kc5 40. Bb4+ Kb6 41. Bh3 Rd3+ 42. Ke2 Rd5 43. Bg2 Rd7 44. Bh3 Rd5 45. Bc3 a5 46. Be5 f6 47. Bxf6 Rd6 48. Be5 Rh6 49. Bxf5 Rxh2+ 50. Ke3 b4 51. axb4 axb4 52. g4 Kc5 53. g5 Rh1 54. Bd4+ Kd6 55. Be5+ Kc5 56. Be4 Rh3+ 57. Kf2 Rh2+ 58. Kf3 Rh3+ 59. Kg4 Rh2 60. f5 Re2 61. Kf3 Re1 62. f6 c3 63. bxc3 b3 64. c4 1-0


[Site "https://www.chess.com"]

[Event "Titled Tuesday Blitz June 13 Late 2023"]
[White "Zochowski, Kacper"]
[Black "Zaitsev, Alexander"]
[WhiteFideId "1125494"]
[BlackFideId "4164490"]
[WhiteElo "2235"]
[BlackElo "2373"]
[Result "1/2-1/2"]
[Round "7"]
[TimeControl "180+2"]
[Date "2023.06.13"]
[WhiteClock "0:00:11"]
[BlackClock "0:00:02"]
[Board "74"]

1. Nf3 Nf6 2. c4 e6 3. g3 d5 4. Bg2 Be7 5. O-O O-O 6. b3 b6 7. Bb2 Bb7 8. Nc3 dxc4 9. bxc4 c5 10. e3 Nc6 11. Qe2 Qc7 12. d3 Rfd8 13. Ne1 a6 14. g4 Na7 15. g5 Ne8 16. h4 Nd6 17. f4 Nf5 18. Qf2 b5 19. Ne4 Nc6 20. h5 Nb4 21. h6 Nxd3 22. Nxd3 Rxd3 23. hxg7 Rxe3 24. Rae1 Rxe1 25. Rxe1 Bxe4 26. Bxe4 Rd8 27. Bxf5 exf5 28. Qe3 Re8 29. Bf6 bxc4 30. Bxe7 c3 31. Kf2 c2 32. Qd2 Rxe7 33. Rxe7 Qxe7 34. Qxc2 Kxg7 35. Qxf5 Qd6 36. Kg3 c4 37. Kh4 Qc6 38. Qe5+ Kg8 39. f5 c3 40. f6 Qh1+ 41. Kg4 Qg2+ 42. Kh4 Qh1+ 43. Kg3 Qg1+ 44. Kf3 Qf1+ 45. Kg4 Qg2+ 46. Kh4 Qh1+ 1/2-1/2


[Site "https://www.chess.com"]